Map: Orbital Shipyard

Players

GoldenArmada - Winner!

  • Race: Protoss Protoss
  • League: Master

PiG

  • Race: Zerg Zerg
  • League: Grandmaster

VOD

Have the link to the VOD?

Description

Time

  • Played on: Dec. 13, 2015, 4:23 p.m.
  • Length: 13:56
Show
View Real Time Build Order
Export as new Build Order

GoldenArmada Protoss - Winner!

Build Orders: Nexus First 

Get SALT Encoding   

  12  0:01  Probe (Chrono Boost)  
  13  0:11  Probe (Chrono Boost)  
  14  0:18  Pylon  
  14  0:22  Probe (Chrono Boost)  
  15  0:36  Probe (Chrono Boost)  
  16  0:46  Probe (Chrono Boost)  
  17  0:58  Nexus  
  17  1:01  Probe (Chrono Boost)  
  18  1:11  Gateway  
  18  1:14  Probe (Chrono Boost)  
  19  1:20  Assimilator  
  19  1:25  Probe (Chrono Boost)  
  20  1:28  Assimilator  
  20  1:35  Probe (Chrono Boost)  
  21  1:46  Probe (Chrono Boost)  
  22  1:48  Pylon  
  22  1:56  Probe (Chrono Boost)  
  23  2:04  Cybernetics Core  
  23  2:07  Probe (Chrono Boost)  
  24  2:11  Probe (Chrono Boost)  
  25  2:17  Probe (Chrono Boost)  
  25  2:22  Probe (Chrono Boost)  
  27  2:28  Probe (Chrono Boost)  
  28  2:37  Nexus  
  28  2:40  Probe (Chrono Boost)  
  28  2:42  Probe (Chrono Boost)  
  30  2:51  Mothership Core (Chrono Boost)  
  32  2:54  Probe (Chrono Boost)  
  32  2:55  Zealot  
  35  3:05  Probe (Chrono Boost)  
  36  3:09  Probe (Chrono Boost)  
  37  3:15  Probe (Chrono Boost)  
  38  3:21  Probe (Chrono Boost)  
  38  3:26  Stargate  
  39  3:28  Probe (Chrono Boost)  
  39  3:29  Stargate  
  39  3:31  Probe (Chrono Boost)  
  41  3:35  Pylon  
  41  3:37  Pylon  
  41  3:39  Probe (Chrono Boost)  
  42  3:42  Probe (Chrono Boost), Assimilator  
  42  3:44  Assimilator  
  43  3:49  Probe x2 (Chrono Boost)  
  43  3:52  Probe (Chrono Boost)  
  46  4:00  Probe x2 (Chrono Boost)  
  48  4:02  Probe (Chrono Boost)  
  48  4:09  Probe (Chrono Boost), Phoenix (Chrono Boost)  
  51  4:10  Probe  
  51  4:12  Phoenix (Chrono Boost)  
  51  4:13  Probe  
  56  4:19  Probe  
  56  4:20  Pylon  
  56  4:22  Probe  
  58  4:25  Probe  
  58  4:28  Pylon  
  58  4:30  Assimilator  
  61  4:31  Phoenix (Chrono Boost)  
  61  4:35  Phoenix (Chrono Boost)  
  61  4:36  Assimilator  
  61  4:37  Probe  
  64  4:38  Probe  
  64  4:39  Probe  
  64  4:45  Fleet Beacon  
  66  4:49  Probe  
  66  4:50  Probe  
  68  4:55  Forge  
  68  4:56  Probe  
  68  4:57  Protoss Air Weapons Level 1 (Chrono Boost)  
  69  5:00  Probe  
  69  5:02  Probe  
  71  5:11  Probe x2  
  73  5:19  Probe  
  74  5:23  Probe  
  74  5:27  Stargate  
  75  5:28  Carrier (Chrono Boost)  
  75  5:32  Carrier (Chrono Boost)  
  87  5:38  Pylon  
  87  5:41  Probe x3, Pylon  
  90  5:44  Stargate  
  90  5:50  Photon Cannon  
  90  5:51  Photon Cannon  
  90  5:52  Photon Cannon  
  90  6:11  Pylon  
  90  6:14  Pylon  
  102  6:34  Carrier (Chrono Boost)  
  102  6:43  Carrier (Chrono Boost)  
  102  6:45  Protoss Air Weapons Level 2  
  102  6:53  Carrier x2 (Chrono Boost)  
  114  7:25  Pylon  
  114  7:29  Nexus, Pylon  
  114  7:32  Pylon x2  
  114  7:34  Pylon  
  114  7:39  Pylon  
  114  7:41  Assimilator  
  114  7:46  Assimilator  
  114  7:57  Photon Cannon  
  114  7:58  Photon Cannon  
  114  8:02  Photon Cannon  
  114  8:03  Photon Cannon  
  114  8:05  Graviton Catapult  
  126  8:07  Photon Cannon, Carrier (Chrono Boost)  
  126  8:08  Carrier x2 (Chrono Boost)  
  126  8:12  Carrier (Chrono Boost)  
  138  8:16  Photon Cannon  
  138  8:21  Probe x3, Photon Cannon  
  141  8:33  Photon Cannon  
  141  8:37  Pylon, Photon Cannon  
  141  8:38  Probe x3  
  144  8:53  Robotics Facility  
  144  8:54  Stargate  
  136  9:22  Carrier (Chrono Boost)  
  136  9:23  Carrier (Chrono Boost)  
  148  9:28  Carrier (Chrono Boost)  
  140  9:39  Carrier (Chrono Boost)  
  140  9:41  Probe x2  
  142  9:52  Carrier (Chrono Boost)  
  136  10:04  Pylon  
  136  10:06  Nexus  
  136  10:09  Mothership Core  
  136  10:11  Protoss Air Weapons Level 3  
  136  10:12  Photon Cannon  
  138  10:17  Pylon  
  138  10:23  Photon Cannon  
  138  10:25  Photon Cannon  
  138  10:28  Pylon  
  138  10:30  Pylon  
  138  10:34  Protoss Shields Level 1, Observer  
  139  10:37  Carrier (Chrono Boost)  
  139  10:39  Carrier (Chrono Boost)  
  151  10:45  Photon Cannon  
  151  10:47  Photon Cannon  
  157  11:10  Carrier (Chrono Boost)  
  157  11:18  Carrier (Chrono Boost)  
  163  11:36  Probe  
  163  11:37  Probe x2  
  163  11:38  Probe x2  
  168  11:43  Photon Cannon x2  
  174  11:51  Carrier (Chrono Boost)  
  174  12:03  Void Ray (Chrono Boost)  
  184  12:11  Void Ray (Chrono Boost)  
  188  12:18  Assimilator  
  188  12:19  Assimilator  
  184  12:40  Nexus  
  184  12:42  Void Ray (Chrono Boost)  
  192  12:48  Void Ray (Chrono Boost)  
  192  12:54  Photon Cannon  
  192  12:56  Photon Cannon  
  192  12:57  Photon Cannon  
  192  13:06  Photon Cannon  
  192  13:14  Void Ray (Chrono Boost)  
Show
View Real Time Build Order
Export as new Build Order

PiG Zerg 

Build Orders: Hatch First 

Get SALT Encoding   

  12  0:01  Drone  
  13  0:12  Overlord  
  13  0:18  Drone  
  14  0:31  Drone x2  
  14  0:34  Drone  
  17  0:51  Hatchery  
  17  0:55  Drone  
  17  1:09  Spawning Pool  
  16  1:11  Drone  
  16  1:18  Drone  
  18  1:34  Hatchery  
  18  1:37  Drone  
  18  1:46  Overlord  
  18  1:47  Drone  
  20  1:54  Drone  
  20  1:58  Queen  
  22  2:08  Queen  
  22  2:11  Zergling x2  
  22  2:14  Zergling x2  
  26  2:16  Drone  
  26  2:20  Drone  
  28  2:26  Overlord  
  28  2:27  Drone  
  29  2:36  Drone  
  30  2:38  Drone  
  30  2:43  Drone  
  32  2:47  Queen  
  32  2:48  Drone x2  
  36  2:52  Queen  
  39  2:58  Drone x2  
  39  3:01  Drone  
  41  3:09  Drone x2  
  41  3:12  Drone x3  
  46  3:13  Drone, Extractor x2  
  44  3:24  Overlord x2  
  44  3:25  Overlord  
  44  3:28  Drone  
  44  3:33  Drone  
  46  3:36  Drone x2  
  46  3:38  Drone x2  
  50  3:44  Drone x2  
  50  3:47  Drone x3  
  55  3:49  Drone  
  55  3:51  Drone  
  57  3:57  Drone x4  
  61  4:04  Drone x3  
  61  4:05  Drone  
  61  4:08  Lair  
  65  4:12  Overlord  
  65  4:16  Metabolic Boost  
  65  4:19  Drone  
  65  4:21  Evolution Chamber  
  65  4:23  Drone x2  
  67  4:25  Extractor  
  67  4:26  Extractor  
  67  4:28  Drone, Roach Warren  
  65  4:34  Drone x4  
  65  4:36  Drone x3  
  72  4:41  Hatchery, Extractor  
  72  4:42  Zergling x4, Extractor  
  71  4:49  Zerg Melee Weapons Level 1  
  71  4:53  Drone  
  71  4:54  Drone x2  
  71  4:57  Overlord x2  
  71  4:58  Overlord  
  74  5:15  Overlord x3  
  74  5:17  Drone  
  74  5:18  Drone x3  
  74  5:19  Spore Crawler  
  74  5:20  Spore Crawler  
  76  5:24  Spore Crawler x2, Drone x2  
  76  5:25  Drone x4  
  76  5:27  Glial Reconstitution  
  80  5:31  Spire  
  79  5:38  Zergling x6  
  82  5:43  Drone  
  82  5:47  Drone x2  
  85  5:56  Drone  
  85  5:57  Drone, Spore Crawler  
  84  6:05  Drone x7  
  84  6:06  Drone x2  
  84  6:07  Queen  
  84  6:08  Drone x2  
  96  6:12  Overseer  
  94  6:26  Extractor  
  94  6:28  Spore Crawler  
  94  6:32  Overlord x3  
  91  6:33  Overlord x2  
  91  6:36  Drone x3  
  91  6:39  Drone x3  
  95  6:40  Extractor  
  95  6:41  Drone  
  95  6:52  Hydralisk Den  
  92  6:55  Corruptor x9  
  92  7:01  Zerg Flyer Armor Level 1  
  112  7:08  Drone x6  
  118  7:20  Corruptor  
  117  7:23  Zerg Melee Weapons Level 2  
  117  7:27  Infestation Pit  
  117  7:29  Evolution Chamber  
  115  7:34  Muscular Augments  
  115  7:35  Hydralisk x9  
  115  7:36  Hydralisk  
  135  7:41  Hatchery  
  134  7:51  Overlord x6  
  134  7:58  Overlord  
  136  7:59  Overseer  
  136  8:09  Corruptor  
  136  8:10  Corruptor x2  
  136  8:11  Hydralisk x8  
  158  8:18  Hydralisk x3  
  164  8:22  Hydralisk x3  
  164  8:26  Hydralisk x2  
  174  8:35  Hydralisk  
  174  8:36  Hydralisk x4  
  184  8:44  Zergling x14  
  191  8:50  Infestation Pit  
  191  8:52  Evolution Chamber  
  189  8:56  Overlord  
  189  9:00  Extractor  
  189  9:02  Drone x10  
  198  9:05  Extractor  
  198  9:06  Zerg Flyer Armor Level 2  
  177  9:30  Hydralisk x13  
  192  9:32  Zergling x8  
  171  9:43  Hydralisk x5  
  171  9:44  Hydralisk x2  
  143  9:58  Hydralisk x8  
  157  10:04  Hydralisk x3  
  163  10:10  Zergling x10  
  163  10:11  Zergling x4  
  170  10:23  Zerg Ground Armor Level 1  
  170  10:24  Hive, Drone x6  
  170  10:25  Drone x2  
  178  10:39  Drone x2  
  178  10:40  Drone x6  
  186  10:43  Pathogen Glands  
  186  10:45  Hatchery  
  129  11:28  Infestor x4  
  129  11:29  Infestor x5  
  146  11:34  Zergling x6  
  146  11:35  Extractor x2, Zergling x34  
  160  11:41  Zerg Flyer Weapons Level 1  
  159  11:50  Overseer  
  159  11:53  Hydralisk x14  
  187  11:57  Hydralisk x2  
  191  12:05  Evolution Chamber  
  191  12:08  Hydralisk x4  
  178  12:43  Corruptor x5  
  188  12:47  Corruptor  
  188  12:50  Corruptor  
  192  12:54  Corruptor  
  194  13:05  Spore Crawler  
  193  13:06  Corruptor x3  
  193  13:09  Spine Crawler  
  193  13:11  Hydralisk  
  152  13:31  Spore Crawler  
  152  13:34  Spore Crawler x3  
  168  13:35  Spore Crawler  
  168  13:36  Spore Crawler  
  168  13:38  Spore Crawler  
Tags
 
Add a new tag
Caveats
  • Supply blocks, unpowered buildings, or Contaminate may cause inaccurate times.
  • Supply counts are checked every 10 seconds.